 Dungeon Crawl Stone Soup version 0.27-a0-1230-gfc7c993222 (webtiles) character file.

Game seed: 6105177224077050135

392 EiAlmux the Digger (level 6, -1/35 HPs)
             Began as a Gargoyle Earth Elementalist on June 8, 2021.
             Slain by a killer bee (4 damage)
             ... on level 6 of the Dungeon.
             The game lasted 00:14:59 (4807 turns).

EiAlmux the Digger (Gargoyle Earth Elementalist)    Turns: 4807, Time: 00:14:59

Health: -1/35      AC:  7    Str: 11    XL:     6   Next: 80%
Magic:  7/11       EV: 11    Int: 18    God:
Gold:   142        SH:  0    Dex: 10    Spells: 6/12 levels left

rFire    . . .     SeeInvis .   a - +0 mace
rCold    . . .     Faith    .   (no shield)
rNeg     + . .     Spirit   .   c - +0 robe
rPois    ∞         Reflect  .   m - +0 helmet
rElec    +         Harm     .   (no cloak)
rCorr    .         Rampage  .   (no gloves)
Will     +....                  (no boots)
Stlth    ++........             (no amulet)
HPRegen  0.11/turn              e - ring of willpower
MPRegen  0.12/turn              (no ring)

@: no status effects
A: sickness immunity, AC +4, negative energy resistance 1, electricity
resistance, torment resistance 1, petrification resistance
a: no special abilities


You were on level 6 of the Dungeon.
You visited 1 branch of the dungeon, and saw 4 of its levels.

You collected 142 gold pieces.

Inventory:

Hand Weapons
 a - a +0 mace (weapon)
 o - a +1 short sword of holy wrath
Missiles
 b - 43 stones
Armour
 c - a +0 robe (worn)
 m - a +0 helmet (worn)
Jewellery
 e - a ring of willpower (left hand)
Scrolls
 f - a scroll of enchant armour {unknown}
 g - a scroll of teleportation {unknown}
 k - a scroll of acquirement {unknown}
 l - a scroll of identify {unknown}
 n - a scroll of holy word {unknown}
Potions
 d - a potion of might {unknown}
 h - a potion of attraction {unknown}
 i - a potion of heal wounds {unknown}
 j - a potion of curing {unknown}
 p - a potion of lignification {unknown}


   Skills:
 - Level 2.0 Fighting
 - Level 1.5 Dodging
 + Level 3.0 Stealth
 + Level 3.6 Spellcasting
 * Level 2.9 Conjurations
 + Level 2.4 Transmutations
 + Level 5.1 Earth Magic


You had 6 spell levels left.
You knew the following spells:

 Your Spells              Type           Power      Damage    Failure   Level
a - Sandblast             Erth           42%        2d11      1%          1
b - Stone Arrow           Conj/Erth      34%        3d9       9%          3
e - Passwall              Tmut/Erth      13%        N/A       4%          2

Your spell library contained the following spells:

 Spells                   Type           Power      Damage    Failure   Level
 Animate Skeleton         Necr           6%         N/A       16%         1
 Apportation              Tloc           6%         N/A       16%         1
 Corona                   Hex            3%         N/A       16%         1
 Summon Small Mammal      Summ           12%        N/A       16%         1
 Petrify                  Tmut/Erth      16%        N/A       32%         4
 Lee's Rapid Deconstruct  Erth           10%        3d9*      45%         5


Dungeon Overview and Level Annotations

Branches:
Dungeon (3/15)

Altars:

Shops:
D:1 (

Annotations:
D:2 Sigmund, Terence


Innate Abilities, Weirdness & Mutations

You are immune to sickness and miasma.
Your stone body is resilient. (AC +4)
You are immune to poison.
You resist negative energy. (rN+)
You are resistant to electric shocks. (rElec)
You are resistant to unholy torment.
You are immune to petrification.


Message History

The killer bee stings you!
The killer bee stings you but does no damage.
The killer bee stings you.
The killer bee stings you but does no damage.
Casting: Sandblast (safe; 1% risk of failure)
Confirm with . or Enter, or press ? or * to list all spells.
Aiming: Sandblast (safe; 1% risk of failure)
Press: ? - help, Shift-Dir - straight line, f/p - killer bee
Aim: a killer bee (lightly wounded, 61% to hit)
The blast of sand hits the killer bee!
The killer bee is heavily wounded.
The killer bee stings you. The killer bee closely misses you.
The killer bee stings you but does no damage.
The killer bee stings you.
* * * LOW HITPOINT WARNING * * *
Casting: Sandblast (safe; 1% risk of failure)
Confirm with . or Enter, or press ? or * to list all spells.
Aiming: Sandblast (safe; 1% risk of failure)
Press: ? - help, Shift-Dir - straight line, f/p - killer bee
Aim: a killer bee (heavily wounded, 61% to hit)
The blast of sand hits the killer bee!
You kill the killer bee!
The killer bee stings you.
* * * LOW HITPOINT WARNING * * *
The killer bee barely misses you. x2; The killer bee stings you.
* * * LOW HITPOINT WARNING * * *
Your Stealth skill increases to level 3!
Okay, then.
Okay, then.
You miss the killer bee.
The killer bee is severely wounded.
The killer bee barely misses you.
The killer bee stings you but does no damage.
The killer bee barely misses you. The killer bee stings you.
* * * LOW HITPOINT WARNING * * *
The killer bee stings you.
* * * LOW HITPOINT WARNING * * *
The killer bee stings you but does no damage.
The killer bee barely misses you. The killer bee stings you.
You die...

###.†..........#...
#..................
#..................
#..................
###..................
#....÷#......#...##..
#.....#..#...#.......
##..yy###.#####......
###y@##...# #.....
#...###..# ##..K
##..# #### ... ####
..


You could see 3 killer bees.

Vanquished Creatures
  A water moccasin zombie (D:6)
  3 killer bees (D:6)
  A hound (D:6)
  A bullfrog skeleton (D:6)
  An orc priest (D:2)
  A centaur skeleton (D:6)
  2 adders
  A worm (D:2)
  2 orcs (D:3)
  7 ball pythons
  5 bats
  3 endoplasms
  A giant cockroach (D:1)
  9 goblins
  4 hobgoblins
  12 jackals
  3 kobolds
  2 quokkas (D:2)
  2 frilled lizards
  7 rats
68 creatures vanquished.

Vanquished Creatures (others)
  9 plants (D:3)
9 creatures vanquished.

Grand Total: 77 creatures vanquished

Notes
Turn   | Place    | Note
-------+----------+-------------------------------------------
     0 | D:1      | EiAlmux the Gargoyle Earth Elementalist began the quest for
                  | the Orb.
     0 | D:1      | Reached XP level 1. HP: 10/10 MP: 3/3
    79 | D:1      | Found a faded altar of an unknown god.
   551 | D:1      | Reached skill level 1 in Transmutations
   563 | D:1      | Found Bamucsi's Weapon Shoppe.
   608 | D:1      | Reached XP level 2. HP: 11/15 MP: 5/5
  1115 | D:1      | Reached skill level 4 in Earth Magic
  1459 | D:1      | Learned a level 2 spell: Passwall
  1538 | D:2      | Reached XP level 3. HP: 18/20 MP: 4/6
  1565 | D:2      | Reached skill level 1 in Fighting
  1795 | D:2      | Noticed Terence
  1827 | D:2      | Noticed Sigmund
  2798 | D:2      | Reached XP level 4. HP: 8/25 MP: 4/8
  3137 | D:2      | HP: 1/25 [ball python (2)]
  4002 | D:3      | Reached XP level 5. HP: 17/30 MP: 4/9
  4006 | D:3      | Learned a level 3 spell: Stone Arrow
  4367 | D:3      | You fall into a shaft and drop 3 floors!
  4394 | D:6      | Noticed a sky beast
  4395 | D:6      | Reached skill level 1 in Conjurations
  4521 | D:6      | Reached XP level 6. HP: 35/35 MP: 7/11
  4602 | D:6      | Noticed a water moccasin
  4783 | D:6      | Reached skill level 5 in Earth Magic
  4807 | D:6      | Slain by a killer bee

Illustrated notes

Levels and vault maps discovered:
D:1:      dpeg_arrival_short_road, layout_basic, serial_shops,
          nicolae_shop_behind_doors, basic_ecumenical_altar, bh_walls_and_bars
D:2:      minmay_recursive_quarters, layout_rooms, chequers_serial_rivers_marsh,
          uniq_sigmund, uniq_terence
D:3:      layout_basic, serial_bayou_lake_a
D:6:      cheibrodos_iron_armory, layout_cave_pools

Skill      XL: |  1  2  3  4  5  6 |
---------------+-------------------+-----
Transmutations | 1 2 |  2.4
Earth Magic    | 4 5 |  5.1
Fighting       | 1 2 |  2.0
Spellcasting   | 3 |  3.6
Conjurations   | 1 2 |  2.9
Stealth        | 3 |  3.0
Dodging        | |  1.5

Action                   |  1- 3 |  4- 6 || total
-------------------------+-------+-------++-------
Melee: Mace              |   150 |    69 ||   219
 Cast: Sandblast         |    11 |    29 ||    40
       Passwall          |     1 |     2 ||     3
       Stone Arrow       |       |     1 ||     1
 Stab: Sleeping          |     4 |       ||     4
Armor: Robe              |    79 |    67 ||   146
Dodge: Dodged            |   135 |   112 ||   247

Table legend: (Time is in decaauts)
 A = Elapsed time spent in this place.
 B = Non-inter-level travel time spent in this place.
 C = Inter-level travel time spent in this place.
 D = Time resting spent in this place.
 E = Time spent auto-exploring this place.
 F = Levels seen in this place.
 G = Mean time per level.
                   A        B        C        D        E       F      G
               +--------+--------+--------+--------+--------+-----+--------+
         Total |   4913 |   4791 |    122 |   1206 |   2618 |   4 | 1228.2 |
       Dungeon |   4913 |   4791 |    122 |   1206 |   2618 |   4 | 1228.2 |
               +--------+--------+--------+--------+--------+-----+--------+

Top non-repeatable levels by time:
     D:1: 2061 daAuts
     D:2: 1740 daAuts
     D:3: 672 daAuts
     D:6: 440 daAuts
